 Dungeon Crawl Stone Soup version 0.27.1-33-g824d729ab1 (webtiles) character file.

Game seed: 1683638382752671527

6 rvierbuc the Chopper (level 1, 0/20 HPs)
             Began as a Minotaur Berserker on Dec 6, 2021.
             Was a Follower of Trog.
             Succumbed to a kobold's poison
             ... on level 1 of the Dungeon.
             The game lasted 00:00:31 (295 turns).

rvierbuc the Chopper (Minotaur Berserker)            Turns: 295, Time: 00:00:31

Health: 0/20       AC:  2    Str: 21    XL:     1   Next: 75%
Magic:  0/0        EV: 12    Int:  4    God:    Trog [*.....]
Gold:   10         SH:  0    Dex:  9    Spells: 0/0 levels left

rFire    . . .     SeeInvis .   a - +0 hand axe
rCold    . . .     Faith    .   (no shield)
rNeg     . . .     Spirit   .   b - +0 animal skin
rPois    .         Reflect  .   (helmet restricted)
rElec    .         Harm     .   (no cloak)
rCorr    .         Rampage  .   (no gloves)
Will     .....                  (no boots)
Stlth    +.........             (no amulet)
HPRegen  0.06/turn              (no ring)
MPRegen  0.07/turn              (no ring)

@: lethally poisoned (0 -> -14)
A: horns 2, retaliatory headbutt
a: Renounce Religion, Berserk


You were on level 1 of the Dungeon.
You worshipped Trog.
Trog was aware of your devotion.
You visited 1 branch of the dungeon, and saw 1 of its levels.

You collected 10 gold pieces.

Inventory:

Hand Weapons
 a - a +0 hand axe (weapon)
Armour
 b - a +0 animal skin (worn)


   Skills:
 + Level 3.8 Fighting
 + Level 3.9 Axes
 + Level 2.5 Armour
 + Level 2.2 Dodging


You couldn't memorise any spells.
You didn't know any spells.
Your spell library was empty.

Dungeon Overview and Level Annotations

Branches:
Dungeon (1/15)

Altars:


Innate Abilities, Weirdness & Mutations

You have a pair of horns on your head.
You reflexively headbutt those who attack you in melee.


Message History

You are too injured to fight recklessly!
You are too injured to fight recklessly!
You are too injured to fight recklessly!
You are too injured to fight recklessly!
You are too injured to fight recklessly!
You slash the quokka!
You kill the quokka!
Trog accepts your kill.
You now have 10 gold pieces.
A kobold comes into view.
It is wielding a +0 short sword of venom.
The kobold shouts!
A kobold comes into view. It is wielding a +0 club.
The kobold hits you but does no damage.
You are poisoned.
You barely miss the kobold.
You feel sick.
A kobold comes into view. It is wielding a +0 dagger.
The kobold throws a stone.
The stone barely misses you. The kobold barely misses you.
You hit the kobold.
The kobold is moderately wounded.
You feel sick. The kobold closely misses you.
You miss the kobold.
The kobold is moderately wounded.
You feel sick.
The kobold hits you with a +0 short sword of venom.
You are lethally poisoned!
The kobold throws a stone.
The stone barely misses you.
You hit the kobold but do no damage.
The kobold is moderately wounded.
You closely miss the kobold.
You feel very sick.
The kobold hits you with a +0 short sword of venom.
You are more poisoned.
The kobold throws a stone.
The stone barely misses you. The kobold hits you with a +0 dagger.
* * * LOW HITPOINT WARNING * * *
You feel very sick. The kobold barely misses you.
You aren't carrying any potions.
You die...

#......#.# #...#...
#......#.####.#.....
#...........#'#.##..
#.....##....†....+..
#.....++.........#..
##....##............
#..............#....
#...................
#..@................
##KK................
.......K#####............
......... ... ..........
........... ............
#............
######........


You could see 3 kobolds.

Vanquished Creatures
  An endoplasm (D:1)
  A quokka (D:1)
  2 ball pythons (D:1)
  A frilled lizard (D:1)
  A kobold (D:1)
  A rat (D:1)
7 creatures vanquished.

Notes
Turn   | Place    | Note
-------+----------+-------------------------------------------
     0 | D:1      | rvierbuc the Minotaur Berserker began the quest for the
                  | Orb.
     0 | D:1      | Reached XP level 1. HP: 19/19 MP: 0/0
   295 | D:1      | Succumbed to a kobold's poison

Illustrated notes

Levels and vault maps discovered:
D:1:      wheals_arrival_shading, layout_basic, serial_shops, shop,
          chequers_ecumenical_altar_simple

Action                   || total
-------------------------++-------
Melee: Hand axe          ||    19
       Headbutt          ||     1
Armor: Animal skin       ||     1
Dodge: Dodged            ||    19
